 Dungeon Sprint DCSS version 0.17-a0-1691-g18a3847 (webtiles) character file.

8738 Kidiri the Unseen (level 11, -5/47 HPs)
             Began as a Spriggan Enchanter on Aug 20, 2015.
             Was an Elder of Dithmenos.
             Shot with an arrow by a spriggan rider (19 damage)
             ... in the Dungeon (Sprint IV: "Fedhas' Mad Dash").
             The game lasted 00:10:06 (2330 turns).

Kidiri the Unseen (Spriggan Enchanter)              Turns: 2330, Time: 00:10:06

Health: -5/47      AC:  4    Str:  4    XL:     11   Next: 13%
Magic:  35/35      EV: 32    Int: 16    God:    Dithmenos [****..]
Gold:   204        SH:  0    Dex: 19    Spells: 8 memorised, 4 levels left

rFire  + + .     SeeInvis +     o - +11 rapier "Uriedyma" {drain, rF+ MP+9 Stlth+}
rCold  x . .     Clarity  .     p - +2 robe {MR+}
rNeg   . . .     SustAt   .     (shield restricted)
rPois  .         Gourm    .     (helmet restricted)
rElec  .         Spirit   .     (no cloak)
rCorr  .         Warding  .     (gloves unavailable)
rMut   .         NoTele   +     (boots unavailable)
MR     ++...                    (no amulet)
Stlth  ++++++++++               c - ring of fire
                                k - ring of invisibility

@: very slightly contaminated, wreathed by umbra, very quick, very resistant to
hostile enchantments, uncannily stealthy
A: unfitting armour, see invisible, breathe flames 1, dopey 1, herbivore 3,
speed 3, low mp 1, slow metabolism 2
a: Shadow Step, Renounce Religion, Breathe Fire, Evoke Invisibility


You were in the Dungeon.
You worshipped Dithmenos.
Dithmenos was greatly pleased with you.
You were not hungry.

You visited 1 branch You collected 229 gold pieces.
You spent 25 gold pieces at shops.

Inventory:

Hand weapons
 a - a +1 dagger
 n - a +0 rapier
 o - the +11 rapier "Uriedyma" (weapon) {drain, rF+ MP+9 Stlth+}
   (You found it in the Dungeon)

   A truly terrible weapon, it drains the life of those it strikes.
   It protects you from fire.
   It affects your magic capacity (+9).
   It makes you more stealthy.
Armour
 b - a +1 robe
 p - a +2 robe of magic resistance (worn)
Jewellery
 c - a ring of fire (right hand)
 k - a ring of invisibility (left hand)
Scrolls
 j - 2 scrolls of blinking
 l - a scroll of fog {unknown}
Potions
 e - a potion of curing
 g - 2 potions of haste
 h - 2 potions of magic
 i - a potion of berserk rage
 m - a potion of agility {unknown}
Books
 d - a Grand Grimoire

   Spells                             Type                      Level
   a - Monstrous Menagerie            Summoning                    6
   b - Summon Greater Demon           Summoning                    7
   c - Malign Gateway                 Summoning/Translocation      7
   d - Summon Horrible Things         Summoning                    8
Comestibles
 f - 2 royal jellies


   Skills:
 + Level 8.8 Short Blades
 * Level 15.5 Dodging
 * Level 16.9 Stealth
 * Level 13.3 Spellcasting
 + Level 5.2 Conjurations
 + Level 10.3 Hexes
 + Level 4.3 Summonings
 + Level 7.7 Translocations
 + Level 6.5 Ice Magic
 - Level 5.7 Invocations
 + Level 9.9 Evocations


You had 4 spell levels left.
You knew the following spells:

 Your Spells              Type           Power        Failure   Level  Hunger
a - Corona                Hex            #####..      1%          1    None
b - Ensorcelled Hibernat  Hex/Ice        ###...       1%          2    None
c - Confuse               Hex            #####...     1%          3    None
d - Tukima's Dance        Hex            #####...     1%          3    None
e - Dazzling Spray        Conj/Hex       #####...     1%          3    None
f - Monstrous Menagerie   Summ           ###.......   99%         6    ######.
g - Malign Gateway        Summ/Tloc      ####......   100%        7    #######
h - Summon Greater Demon  Summ           ###.......   100%        7    #######


Dungeon Overview and Level Annotations

Branches:
Dungeon (1/1)

Altars:
Cheibriados
Dithmenos
Elyvilon
Gozag
Kikubaaqudgha
Makhleb
Nemelex Xobeh
Okawaru
Qazlal
Ru
Sif Muna
Trog
Vehumet
Xom
Yredelemnul
Zin
The Shining One
Beogh
Jiyva
Lugonu

Shops:
D (![[([[%


Innate Abilities, Weirdness & Mutations

You are tiny and cannot use many weapons and most armour.
You have supernaturally acute eyesight.
You are a herbivore.
You cover ground extremely quickly.
You need consume almost no food.
You can breathe flames.
You are dopey. (Int -2)
Your magical capacity is low (-10% MP).


Message History

The spriggan rider shouts!
The spriggan rider shoots an arrow.
The arrow hits you!!
Ouch! That really hurt!
You emit a cloud of dark smoke.
You are electrocuted!
* * * LOW HITPOINT WARNING * * *
You see here an arrow.
You start resting.
Magic restored.
You start resting.
You flicker for a moment.
You start resting.
You flicker back into view.
You start resting.
Drink which item? (? for menu, Esc to quit)
Okay, then.
You start resting.
The spriggan rider wields the +8 storm bow {elec}.
You hear the crackle of electricity.
The spriggan rider shoots an arrow.
The arrow hits you!!
You die...

#'##._._._._._._.#.)##∩∩.'...####
...#.⌠...._....⌠.################
...###################....[(###..
####♣♣♣♣♣..♣.###.'.)+.......+%+..
.)'......♣..♣##:.#..#.P.....#####
..#♣..♣♣♣.♣).###.##'##.P....#
..#.♣♣..♣...♣'...#♣.♣########
##################.....#### .
###@.♣..♣....###
..P.#####.).♣......♣...♣###
.iP.i.i(.....♣.)...∩.∩..).#
..P...##################### #####


You could see a spriggan rider.

Vanquished Creatures
  Agnes (D)
  A spriggan defender (D)
  A spriggan berserker (D)
  A spriggan druid (D)
  6 oklob plants (D)
  A demonic crawler (D)
  A queen bee (D)
  3 burning bushes (D)
  3 wandering mushrooms (D)
  A wasp (D)
  4 killer bees (D)
  2 scorpions (D)
  A worker ant (D)
  5 oklob saplings (D)
  5 spriggans (D)
  A river rat (D)
  A rat (D)
  A ballistomycete (D)
  7 fungi (D)
  A giant spore (D)
47 creatures vanquished.

Vanquished Creatures (others)
  A bush (D)
1 creature vanquished.

Grand Total: 48 creatures vanquished

Notes
Turn   | Place    | Note
--------------------------------------------------------------
     0 | D        | Kidiri the Spriggan Enchanter began the quest for the Orb.
     0 | D        | Reached XP level 1. HP: 9/9 MP: 5/5
   207 | D        | Reached skill level 5 in Stealth
   207 | D        | Reached XP level 2. HP: 13/13 MP: 4/7
   237 | D        | Learned a level 2 spell: Ensorcelled Hibernation
   290 | D        | Noticed an oklob sapling
   291 | D        | Killed an oklob sapling
   291 | D        | Reached skill level 5 in Dodging
   291 | D        | Reached skill level 6 in Stealth
   291 | D        | Reached skill level 1 in Ice Magic
   291 | D        | Reached XP level 3. HP: 16/16 MP: 7/9
   296 | D        | Learned a level 3 spell: Confuse
   300 | D        | Learned a level 3 spell: Tukima's Dance
   311 | D        | Noticed a worker ant
   313 | D        | Killed a worker ant
   313 | D        | Reached skill level 7 in Stealth
   313 | D        | Reached skill level 5 in Spellcasting
   335 | D        | Found a snail-covered altar of Cheibriados.
   335 | D        | Found a glowing silver altar of Zin.
   335 | D        | Found a white marble altar of Elyvilon.
   335 | D        | Found a viscous altar of Jiyva.
   335 | D        | Found a radiant altar of Vehumet.
   335 | D        | Found a deep blue altar of Sif Muna.
   335 | D        | Found an ancient bone altar of Kikubaaqudgha.
   335 | D        | Found a bloodstained altar of Trog.
   335 | D        | Found a corrupted altar of Lugonu.
   335 | D        | Noticed an oklob sapling priest
   336 | D        | Found a burning altar of Makhleb.
   336 | D        | Found a sacrificial altar of Ru.
   337 | D        | Found a glowing golden altar of the Shining One.
   337 | D        | Found a sparkling altar of Nemelex Xobeh.
   338 | D        | Found a shadowy altar of Dithmenos.
   339 | D        | Found an iron altar of Okawaru.
   339 | D        | Found a shimmering altar of Xom.
   340 | D        | Found an opulent altar of Gozag.
   341 | D        | Found a basalt altar of Yredelemnul.
   341 | D        | Found a roughly hewn altar of Beogh.
   342 | D        | Found a stormy altar of Qazlal.
   346 | D        | Became a worshipper of Dithmenos the Shadowed
   349 | D        | Killed an oklob sapling priest
   349 | D        | Reached skill level 8 in Stealth
   349 | D        | Reached skill level 5 in Hexes
   349 | D        | Reached skill level 1 in Invocations
   349 | D        | Reached skill level 1 in Evocations
   349 | D        | Reached XP level 4. HP: 21/21 MP: 9/12
   397 | D        | Noticed an oklob sapling wizard
   400 | D        | Killed an oklob sapling wizard
   400 | D        | Reached XP level 5. HP: 24/24 MP: 10/14
   404 | D        | Noticed a scorpion
   408 | D        | Killed a scorpion
   408 | D        | Reached skill level 9 in Stealth
   424 | D        | Found Wivah's Distillery.
   424 | D        | Found Etuo's Weapon Emporium.
   429 | D        | Bought a potion of mutation for 25 gold pieces
   429 | D        | Gained mutation: You are dopey. (Int -2) [potion of mutation]
   429 | D        | Gained mutation: You can breathe flames. [potion of mutation]
   429 | D        | Gained mutation: Your magical capacity is low (-10% MP). [potion of mutation]
   463 | D        | Noticed a burning bush
   463 | D        | Noticed a wandering mushroom
   469 | D        | Learned a level 3 spell: Dazzling Spray
   472 | D        | Noticed a scorpion
   477 | D        | Noticed a wandering mushroom
   478 | D        | Killed a scorpion
   478 | D        | Reached XP level 6. HP: 28/28 MP: 9/15
   821 | D        | Killed a burning bush
   821 | D        | Reached skill level 5 in Short Blades
   821 | D        | Reached skill level 10 in Stealth
   821 | D        | Reached skill level 1 in Conjurations
   826 | D        | Killed a wandering mushroom
   826 | D        | Reached skill level 10 in Dodging
   826 | D        | Reached skill level 11 in Stealth
   826 | D        | Reached skill level 5 in Evocations
   826 | D        | Reached XP level 7. HP: 30/32 MP: 9/18
   856 | D        | Killed a wandering mushroom
  1027 | D        | Found Ucegesch's Weapon Shoppe.
  1028 | D        | Found Muneruh's Antique Armour Emporium.
  1075 | D        | Noticed an oklob sapling
  1078 | D        | Killed an oklob sapling
  1091 | D        | Noticed a queen bee
  1091 | D        | Noticed a killer bee
  1092 | D        | Noticed a killer bee
  1094 | D        | Noticed a killer bee
  1094 | D        | Noticed a killer bee
  1098 | D        | Killed a queen bee
  1098 | D        | Acquired Dithmenos's first power
  1098 | D        | Reached skill level 12 in Stealth
  1098 | D        | Reached XP level 8. HP: 36/36 MP: 20/20
  1099 | D        | Killed a killer bee
  1100 | D        | Killed a killer bee
  1102 | D        | Killed a killer bee
  1103 | D        | Killed a killer bee
  1114 | D        | Noticed an oklob plant
  1256 | D        | Killed an oklob plant
  1256 | D        | Reached skill level 13 in Stealth
  1256 | D        | Reached skill level 10 in Spellcasting
  1256 | D        | Reached skill level 5 in Invocations
  1275 | D        | Learned a level 6 spell: Monstrous Menagerie
  1283 | D        | Learned a level 7 spell: Malign Gateway
  1401 | D        | Noticed a burning bush
  1404 | D        | Killed a burning bush
  1404 | D        | Acquired Dithmenos's second power
  1404 | D        | Reached skill level 1 in Translocations
  1416 | D        | Noticed an oklob sapling
  1416 | D        | Noticed a burning bush
  1416 | D        | Noticed an oklob plant
  1417 | D        | Noticed a wandering mushroom
  1418 | D        | Killed a burning bush
  1418 | D        | Reached skill level 1 in Summonings
  1418 | D        | Reached XP level 9. HP: 39/39 MP: 22/22
  1422 | D        | Killed an oklob plant
  1422 | D        | Reached skill level 5 in Ice Magic
  1423 | D        | Killed an oklob sapling
  1424 | D        | Killed a wandering mushroom
  1424 | D        | Reached skill level 14 in Stealth
  1548 | D        | Noticed a spriggan druid
  1549 | D        | Killed a spriggan druid
  1701 | D        | Noticed an oklob plant conjurer
  1704 | D        | Killed an oklob plant conjurer
  1868 | D        | Noticed an oklob plant
  1868 | D        | Noticed an oklob plant summoner
  1869 | D        | Noticed an oklob plant shifter
  1872 | D        | Killed an oklob plant
  1872 | D        | Reached XP level 10. HP: 21/44 MP: 19/24
  1874 | D        | Killed an oklob plant shifter
  1874 | D        | Reached skill level 15 in Stealth
  1874 | D        | Reached skill level 5 in Translocations
  1878 | D        | Killed an oklob plant summoner
  1891 | D        | Learned a level 7 spell: Summon Greater Demon
  2038 | D        | Noticed a demonic crawler
  2040 | D        | Killed a demonic crawler
  2043 | D        | Noticed a spriggan rider
  2043 | D        | Noticed a spriggan
  2043 | D        | Noticed a spriggan
  2044 | D        | Found Reviaxigh's Antique Armour Emporium.
  2045 | D        | Found Qusmeoch's Food Shoppe.
  2046 | D        | Killed a spriggan
  2049 | D        | Killed a spriggan
  2051 | D        | Killed a spriggan rider
  2051 | D        | Killed a wasp
  2051 | D        | Acquired Dithmenos's third power
  2156 | D        | Noticed Agnes
  2158 | D        | Found Agir's Antique Armour Emporium.
  2158 | D        | Noticed a spriggan berserker
  2160 | D        | Killed a spriggan berserker
  2164 | D        | Found Anagoi's Armour Shoppe.
  2165 | D        | Killed Agnes
  2165 | D        | Reached skill level 15 in Dodging
  2165 | D        | Reached skill level 16 in Stealth
  2165 | D        | Reached skill level 5 in Conjurations
  2165 | D        | Reached skill level 10 in Hexes
  2170 | D        | Noticed a spriggan defender
  2175 | D        | Killed a spriggan defender
  2175 | D        | Reached XP level 11. HP: 47/47 MP: 17/26
  2179 | D        | Got a fine rapier
  2180 | D        | Identified the +11 rapier "Uriedyma" {drain, rF+ MP+9 Stlth+} (You found it in the Dungeon)
  2305 | D        | Noticed a spriggan rider
  2330 | D        | Shot with an arrow by a spriggan rider

Vault maps used:
D:        dungeon_sprint_fedhas

Action                   |  1- 3 |  4- 6 |  7- 9 | 10-12 || total
-------------------------+-------+-------+-------+-------++-------
Melee: Dagger            |   188 |     4 |       |       ||   192
       Rapier            |       |    18 |    56 |    11 ||    85
 Cast: Corona            |     2 |       |       |       ||     2
       Ensorcelled Hiber |     1 |     1 |       |       ||     2
       Dazzling Spray    |       |     5 |       |       ||     5
       Confuse           |       |     2 |     2 |       ||     4
Invok: Shadow Step       |       |       |     2 |     3 ||     5
 Abil: Evoke Invisibilit |     1 |     3 |     6 |     3 ||    13
  Use: Potion            |       |     2 |     2 |       ||     4
       Scroll            |       |       |     2 |       ||     2
 Stab: Sleeping          |     4 |     4 |    13 |     8 ||    29
       Invisible         |       |     6 |     4 |     1 ||    11
       Confused          |       |     3 |     1 |       ||     4
  Eat: Bread ration      |       |       |     1 |       ||     1
       Royal jelly       |       |       |       |     1 ||     1
